 Dungeon Crawl Stone Soup version 0.23-a0-636-g0ff6057 (console) character file.

7 Duffy the Firebug (level 1, -4/13 HPs)
             Began as a Demonspawn Fire Elementalist on Dec 28, 2018.
             Was an Initiate of Cheibriados.
             Slain by a kobold
             ... wielding a +0 club
              (5 damage)
             ... on level 1 of the Dungeon.
             The game lasted 00:00:31 (299 turns).

Duffy the Firebug (Demonspawn Fire Elementalist)     Turns: 299, Time: 00:00:32

Health: -4/13      AC:  2    Str:  9    XL:     1   Next: 91%
Magic:  0/3        EV: 12    Int: 17    God:    Cheibriados [......]
Gold:   0          SH:  2    Dex: 14    Spells: 3/4 levels left

rFire    . . .     SeeInvis .   (no weapon)
rCold    . . .     Gourm    .   (no shield)
rNeg     . . .     Faith    .   a - +0 robe
rPois    .         Spirit   .   (no helmet)
rElec    .         Reflect  +   (no cloak)
rCorr    .         Harm     .   (no gloves)
MR       .....                  (no boots)
Stlth    ++........             e - +2 amulet of reflection
HPRegen  0.04/turn              (no ring)
MPRegen  0.08/turn              (no ring)

@: very slow
A: no striking features
a: Bend Time, Renounce Religion


You were on level 1 of the Dungeon.
You worshipped Cheibriados.
Cheibriados was noncommittal.
You were not hungry.

You visited 1 branch of the dungeon, and saw 1 of its levels.

Inventory:

Armour
 a - a +0 robe (worn)
Jewellery
 e - a +2 amulet of reflection (around neck)
Potions
 d - a potion of ambrosia {unknown}
 f - a potion of might {unknown}
 g - a potion of invisibility {unknown}
Comestibles
 b - 3 chunks of flesh
 c - a ration


   Skills:
 - Level 1.7 Dodging
 - Level 1.7 Stealth
 - Level 2.0 Spellcasting
 + Level 2.0 Conjurations
 - Level 2.6 Fire Magic


You had 3 spell levels left.
You knew the following spells:

 Your Spells              Type           Power        Failure   Level  Hunger
h - Flame Tongue          Conj/Fire      #....        8%          1    #......

Your spell library contained the following spells:

 Spells                   Type           Power        Failure   Level  Hunger
 Throw Flame              Conj/Fire      #.....       11%         2    ###....
 Conjure Flame            Conj/Fire      #.......     22%         3    ###....
 Inner Flame              Hex/Fire       #.......     32%         3    ###....
 Sticky Flame             Conj/Fire      #.......     58%         4    #####..
 Fireball                 Conj/Fire      #.........   90%         5    ######.


Dungeon Overview and Level Annotations

Branches:
Dungeon (1/15)

Altars:
Cheibriados


Message History

You closely miss the kobold. The kobold hits you but does no damage.
You hit the kobold but do no damage.
Some of the chunks of flesh in your inventory have rotted away.
You hit the kobold.
The kobold is moderately wounded.
The kobold hits you with a +0 club.
* * * LOW HITPOINT WARNING * * *
You closely miss the kobold.
The kobold is moderately wounded.
The kobold hits you but does no damage.
You hit the kobold but do no damage.
The kobold is moderately wounded.
The kobold barely misses you.
You hit the kobold.
The kobold is heavily wounded.
The kobold closely misses you.
You barely miss the kobold.
The kobold is heavily wounded.
The kobold hits you with a +0 club.
You die...

###### #..... #########
#.###. #.......# #####.#
#. ####.......# #...#.#
#. ...........# #.#.#.#
#. .......@..# # #.#.#.#
#. ......%K..#
#.#.#.#.###.
..........###.#...#...#.
..........'.#.....###.#.
..........#.###.%.#.#.#.
..........#.........#.#.
..........#..###.####.#.
..........#..###....#.#.
.........#......##.#.#.


You could see a kobold.

Vanquished Creatures
  A leopard gecko (D:1)
  A giant cockroach (D:1)
  A ball python (D:1)
  A frilled lizard (D:1)
  4 rats (D:1)
8 creatures vanquished.

Notes
Turn   | Place    | Note
-------+----------+-------------------------------------------
     0 | D:1      | Duffy the Demonspawn Fire Elementalist began the quest for
                  | the Orb.
     0 | D:1      | Reached XP level 1. HP: 13/13 MP: 3/3
   107 | D:1      | Found a snail-covered altar of Cheibriados.
   118 | D:1      | Became a worshipper of Cheibriados the Contemplative
   299 | D:1      | Slain by a kobold

Vault maps used:
D:1:      onia_arrival_handbag, cheibriados_altar_1

Skill      XL: |  1 |
---------------+----+-----
Conjurations   | 2 |  2.0
Dodging        | |  1.7
Stealth        | |  1.7
Spellcasting   | |  2.0
Fire Magic     | |  2.6

Action                   || total
-------------------------++-------
Melee: Unarmed           ||     9
 Cast: Flame Tongue      ||    11
Armor: Robe              ||     2
Dodge: Dodged            ||     7
Block: Other             ||     2

Table legend:
 A = Non-vault XP
 B = Vault XP
 C = Vault XP percentage of total XP
 D = Non-vault monster count
 E = Vault monster count
 F = Vault count percentage of total count
                 A         B        C        D         E       F
            +---------+---------+-------+---------+---------+-------
      Total |       7 |       4 |  36.4 |       4 |       4 |  50.0
            +---------+---------+-------+---------+---------+-------
        D:1 |       7 |       4 |  36.4 |       4 |       4 |  50.0
            +---------+---------+-------+---------+---------+-------
